 Dungeon Crawl Stone Soup version 0.31-a0-237-g2d982f9f85 (webtiles) character file.

Game seed: 3050905109804549596

83 qw the Shooter (level 4, -3/36 HPs)
             Began as a Minotaur Hexslinger on July 11, 2023.
             Slain by a gnoll
             ... wielding a +0 flail
              (7 damage)
             ... on level 3 of the Dungeon.
             The game lasted 00:01:07 (1515 turns).

qw the Shooter (Minotaur Hexslinger)                Turns: 1515, Time: 00:01:08

Health: -3/36      AC:  8    Str: 13    XL:     4   Next: 22%
Magic:  4/4        EV:  6    Int: 10    God:
Gold:   119        SH:  0    Dex: 14    Spells: 4/5 levels left

rFire   . . .        Y - +1 sling
rCold   . . .        (no shield)
rNeg    . . .        j - +0 ring mail
rPois   .            (helmet restricted)
rElec   .            (no cloak)
rCorr   .            (no gloves)
SInv    .            b - +2 pair of boots
Will    .....        (no amulet)
Stlth   +            (no ring)
HPRegen 0.26/turn    (no ring)
MPRegen 0.09/turn

%: no passive effects
@: held
A: horns 2, retaliatory headbutt
a: no special abilities


You were on level 3 of the Dungeon.
You visited 1 branch of the dungeon, and saw 3 of its levels.

You collected 119 gold pieces.


Innate Abilities, Weirdness & Mutations

You have a pair of horns on your head.
You reflexively headbutt those who attack you in melee.


   Skills:
 - Level 2.0 Fighting
 + Level 4.5 Ranged Weapons
 - Level 1.0 Armour
 - Level 2.1 Dodging
 - Level 1.0 Spellcasting
 - Level 2.0 Hexes


You had 4 spell levels left.
You knew the following spells:

 Your Spells              Type           Power      Damage    Failure   Level
a - Slow                  Hex            16%        N/A       32%         1

Your spell library contained the following spells:

 Spells                   Type           Power      Damage    Failure   Level
 Inner Flame              Hex/Fire       2%         N/A       82%         3
 Portal Projectile        Hex/Tloc       4%         N/A       82%         3
 Cause Fear               Hex            2%         N/A       97%         4

Inventory:

Hand Weapons
 Y - a +1 sling (weapon)
Armour
 b - a +2 pair of boots (worn)
 j - a +0 ring mail (worn)
Scrolls
 a - 2 scrolls of teleportation
 e - a scroll of identify
Potions
 d - a potion of enlightenment
 i - a potion of cancellation {unknown}

Dungeon Overview and Level Annotations

Branches:
Dungeon (3/15)

Altars:


Message History

The gnoll is lightly wounded.
You shoot a sling bullet.
The sling bullet barely misses the gnoll.
The gnoll barely misses you.
You shoot a sling bullet.
The sling bullet barely misses the gnoll.
The gnoll hits you with a +2 flail of protection.
You shoot a sling bullet. The sling bullet hits the gnoll.
The gnoll is moderately wounded.
The gnoll misses you.
You shoot a sling bullet.
The sling bullet closely misses the gnoll.
The sling bullet barely misses the gnoll.
The gnoll barely misses you.
An orc comes into view. It is wielding a +0 dagger.
The gnoll hits you with a +0 flail.
You shoot a sling bullet.
The sling bullet hits the gnoll but does no damage.
The gnoll is moderately wounded.
The gnoll misses you. The gnoll hits you with a +0 flail!
You shoot a sling bullet.
The sling bullet hits the gnoll but does no damage.
The gnoll is moderately wounded.
The gnoll hits you but does no damage. x3
You shoot a sling bullet. The sling bullet hits the gnoll.
The gnoll is severely wounded.
The gnoll hits you with a +2 flail of protection!
The gnoll closely misses you.
An orc priest comes into view. It is wielding a +0 dagger.
A dart slug comes into view.
You shoot a sling bullet. The orc priest shouts!
The sling bullet hits the gnoll but does no damage.
The gnoll is severely wounded.
You hear a shout!
The gnoll throws a throwing net.
The throwing net hits you.
You become entangled in the net!
The gnoll hits you with a +2 flail of protection!
The gnoll closely misses you. The gnoll hits you with a +0 flail!
You die...

#. .w #o #.# #.
.. #. #.# #.#..
.... #.go ....
###g.### .....
#..g@g.# .....
#.####.##.....
#### #.>#..#
#.[ ##...#
####.## #.###
##.....###
#...## .
##........##
###..# .
#.......#..##
##.# .#
#...~~..##.)###
#.####.#


You could see an orc priest, 4 gnolls, a dart slug and an orc.

Vanquished Creatures
  An orc wizard (D:3)
  4 orcs (D:3)
  8 bats
  4 endoplasms
  3 giant cockroaches
  4 hobgoblins
  6 jackals (D:1)
  6 kobolds
  8 ball pythons
  3 frilled lizards (D:1)
  2 goblins
49 creatures vanquished.

Notes
Turn   | Place    | Note
-------+----------+-------------------------------------------
     0 | D:1      | qw the Minotaur Hexslinger began the quest for the Orb.
     0 | D:1      | Reached XP level 1. HP: 16/16 MP: 1/1
     0 | D:1      | 0 ||| qw: Version: 0.3-a-52-g30416fa
     0 | D:1      | 0 ||| qw: Game counter: 5739
     0 | D:1      | 0 ||| qw: Melee chars always use a shield: true
     0 | D:1      | 0 ||| qw: God list: Okawaru
     0 | D:1      | 0 ||| qw: Allow faded altars: false
     0 | D:1      | 0 ||| qw: Do Orc after clearing Dungeon:15 true
     0 | D:1      | 0 ||| qw: Do second Lair branch before Depths: true
     0 | D:1      | 0 ||| qw: Lair rune preference: random
     0 | D:1      | 0 ||| qw: Goals: Normal
     0 | D:1      | 0 ||| PLANNING D:1-11
   211 | D:1      | Reached skill level 3 in Ranged Weapons
   225 | D:1      | Reached XP level 2. HP: 23/23 MP: 2/2
   770 | D:1      | 770 ||| UPGRADING to +0 ring mail.
   780 | D:1      | 780 ||| DROPPING +0 robe.
   781 | D:1      | 781 ||| READING 4 scrolls labelled WOIKKU GAQO.
   786 | D:1      | 786 ||| READING scroll labelled INOPUB GOSUCE.
   787 | D:1      | 787 ||| READING scroll labelled BONAOMINKU.
   788 | D:1      | 788 ||| DROPPING scroll of poison.
   834 | D:2      | Reached XP level 3. HP: 29/29 MP: 3/3
  1031 | D:2      | Reached skill level 4 in Ranged Weapons
  1163 | D:2      | 1163 ||| UPGRADING to +2 pair of boots.
  1168 | D:2      | 1168 ||| READING 2 scrolls labelled RIOXYNIEKK.
  1169 | D:2      | 1169 ||| DRINKING 2 red potions.
  1170 | D:2      | 1170 ||| READING 3 scrolls of identify.
  1170 | D:2      | 1170 ||| IDENTIFYING emerald potion
  1171 | D:2      | 1171 ||| READING 2 scrolls of identify.
  1171 | D:2      | 1171 ||| IDENTIFYING murky sapphire potion
  1172 | D:2      | 1172 ||| DROPPING scroll of revelation.
  1187 | D:3      | 1187 ||| PLANNING SEWER
  1188 | D:3      | 1188 ||| STAIRDANCE
  1227 | D:3      | 1227 ||| PLANNING SEWER
  1239 | D:3      | 1239 ||| DRINKING potion of curing.
  1239 | D:3      | 1239 ||| (to cure confusion)
  1244 | D:3      | Reached skill level 1 in Armour
  1245 | D:3      | HP: 7/29 [orc wizard/+0 dagger (2)]
  1246 | D:3      | 1246 ||| READING 3 scrolls of teleportation.
  1247 | D:3      | 1247 ||| DRINKING potion of heal wounds.
  1263 | D:3      | Reached XP level 4. HP: 34/36 MP: 4/4
  1293 | D:3      | 1293 ||| Stepping ~*~*~tactically~*~*~ (water).
  1342 | D:3      | HP: 9/36 [poisoned by a kobold]
  1515 | D:3      | HP: 4/36 [gnoll/+2 flail of protection (8)]
  1515 | D:3      | Slain by a gnoll

Levels and vault maps discovered:
D:1:      ncdulo_smallfort, layout_basic, serial_curves, eino_curves_01,
          eino_curves_03, eino_curves_01, hangedman_abyss_or_decor_stabs
D:2:      layout_rooms
D:3:      layout_rooms, chei_slow_surprise, portal_sewer_entry_b,
          wad_floor_pattern_1, serial_bayou_ford_a

Skill      XL: |  1  2  3 |
---------------+----------+-----
Ranged Weapons | 3 4 |  4.5
Fighting       | 2 |  2.0
Armour         | 1 |  1.0
Dodging        | |  2.1
Spellcasting   | |  1.0
Hexes          | |  2.0

Action                     |  1- 3 |  4- 6 || total
---------------------------+-------+-------++-------
   Fire: Sling             |   110 |    29 ||   139
    Use: Scroll            |     7 |       ||     7
         Potion            |     3 |       ||     3
 Armour: Ring mail         |    27 |     5 ||    32
  Dodge: Dodged            |    50 |    13 ||    63

Table legend:
 A = Non-vault XP
 B = Vault XP
 C = Vault XP percentage of total XP
 D = Non-vault monster count
 E = Vault monster count
 F = Vault count percentage of total count
                 A         B        C        D         E       F
            +---------+---------+-------+---------+---------+-------
      Total |     119 |       0 |   0.0 |      49 |       0 |   0.0
            +---------+---------+-------+---------+---------+-------
        D:1 |      37 |       0 |   0.0 |      23 |       0 |   0.0
        D:2 |      29 |       0 |   0.0 |      17 |       0 |   0.0
        D:3 |      53 |       0 |   0.0 |       9 |       0 |   0.0
            +---------+---------+-------+---------+---------+-------
